 Dungeon Crawl Stone Soup version 0.31-a0-1338-gb567cfdca4 (webtiles) character file.

Game seed: 13127843866623618116

2636 jasper the Basher (level 9, -1/98 HPs)
             Began as an Oni Monk on Dec 22, 2023.
             Was a High Priest of Nemelex Xobeh.
             Killed from afar by a hell hound (23 damage)
             ... with a blast of flame
             ... on level 8 of the Dungeon.
             The game lasted 00:08:05 (7634 turns).

jasper the Basher (Oni Monk)                        Turns: 7634, Time: 00:08:06

Health: -1/98      AC:  5    Str: 21    XL:     9   Next: 61%
Magic:  14/14      EV: 15    Int: 11    God:    Nemelex Xobeh [*****.]
Gold:   268        SH:  0    Dex: 11    Spells: 8/8 levels left

rFire   . . .        l - +0 flail
rCold   . . .        d - orb {light}
rNeg    . . .        b - +0 robe
rPois   +            (helmet restricted)
rElec   .            o - +1 cloak
rCorr   .            (gloves unavailable)
SInv    .            (boots unavailable)
Will    .....        (no amulet)
Stlth   +            r - +5 ring of evasion
HPRegen 0.36/turn    t - ring of poison resistance
MPRegen 0.14/turn

%: no passive effects
@: glowing
A: drunken brawling, large, unfitting armour, horns 1, tough skin 1, double
potion healing
a: Renounce Religion, Draw Escape, Draw Destruction, Draw Summoning, Triple
Draw, Deal Four, Stack Five


You were on level 8 of the Dungeon.
You worshipped Nemelex Xobeh.
Nemelex Xobeh was extremely pleased with you.
You visited 1 branch of the dungeon, and saw 8 of its levels.

You collected 358 gold pieces.
You spent 90 gold pieces at shops.

Inventory:

Hand Weapons
 a - a +0 mace
 j - a +0 giant club
 l - a +0 flail (weapon)
 q - a +0 giant club
 s - a +4 spear of venom
Missiles
 h - 6 boomerangs (quivered)
 i - 3 throwing nets
Armour
 b - a +0 robe (worn)
 d - an orb of light (worn)
 f - a scarf of shadows
 o - a +1 cloak (worn)
Jewellery
 g - a ring of fire
 k - a +4 ring of slaying
 r - a +5 ring of evasion (left hand)
 t - a ring of poison resistance (right hand)
 y - a ring of magical power
 A - a ring of flight
Wands
 v - a wand of paralysis (8)
 z - a wand of iceblast (8)
Scrolls
 e - 4 scrolls of teleportation
 u - a scroll of amnesia
 w - 2 scrolls of blinking
 x - 3 scrolls of immolation
 B - a scroll of identify
 C - a scroll of fear
Potions
 c - 2 potions of enlightenment
 m - 3 potions of curing
 n - a potion of mutation
 p - 2 potions of ambrosia


   Skills:
 + Level 9.3 Fighting
 * Level 9.7 Maces & Flails
 - Level 2.6 Dodging
 + Level 7.3 Invocations


You had 8 spell levels left.
You didn't know any spells.
Your spell library contained the following spells:

 Spells                   Type           Power      Damage    Failure   Level
 Foxfire                  Conj/Fire      0%         2x1d4     34%         1
 Kiss of Death            Conj/Necr      0%         2d5       34%         1
 Call Canine Familiar     Summ           0%         N/A       71%         3
 Confusing Touch          Hex            0%         N/A       71%         3
 Dazzling Flash           Conj/Hex       0%         N/A       71%         3
 Mephitic Cloud           Conj/Alch/Air  0%         N/A       71%         3
 Sigil of Binding         Hex            0%         N/A       71%         3
 Dimensional Bullseye     Hex/Tloc       0%         N/A       98%         4
 Dispel Undead            Necr           0%         3d6       98%         4
 Agony                    Necr           0%         N/A       100%        5
 Silence                  Hex/Air        0%         N/A       100%        5
 Plasma Beam              Fire/Air       0%         2x1d10    100%        6
 Starburst                Conj/Fire      0%         6d3       100%        6


Dungeon Overview and Level Annotations

Branches:
Dungeon (8/15)             Temple (0/1) D:7
   Lair: D:8-11

Altars:
Ashenzari
Elyvilon
Hepliaklqana
Kikubaaqudgha
Nemelex Xobeh
Ru
Sif Muna
Uskayaw
The Shining One

Shops:
D:3 [

Annotations:
D:5 exclusion: door


Innate Abilities, Weirdness & Mutations

Whenever you drink a potion that restores your health or magic, you attack all enemies around you.
You are too large for most types of armour.
You have a pair of small horns on your head.
You have tough skin. (AC +1)
Whenever you drink a potion that restores your health or magic, it restores twice as much.


Message History

You take 16 damage, and have 63/98 hp.
You sock the fire bat!
You kill the fire bat!
The fire bat bites you but does no damage.
You hit the fire bat.
The fire bat is lightly wounded.
The fire bat bites you.
You are engulfed in flames.
The fire bat bites you but does no damage.
You take 7 damage, and have 56/98 hp.
You sock the fire bat! Your headbutt misses the fire bat.
The fire bat is severely wounded.
The fire bat closely misses you. x2
You hit the fire bat. Your headbutt misses the fire bat.
The fire bat is moderately wounded.
The fire bat barely misses you. The hell hound breathes flames at you.
The blast of flame hits the fire elemental.
The fire elemental completely resists.
The blast of flame hits you!
You take 12 damage, and have 45/98 hp.
You barely miss the fire bat.
You headbutt the fire bat, but do no damage.
The fire bat is severely wounded.
The fire bat barely misses you.
You swing at nothing.
The hell hound breathes flames at you.
The blast of flame hits the fire bat.
The fire bat completely resists.
The blast of flame hits you! The fire bat completely misses you.
You take 15 damage, and have 30/98 hp.
You sock the fire bat!
The fire bat is almost dead.
The fire bat bites you.
* * * LOW HITPOINT WARNING * * *
You are engulfed in flames!
* * * LOW HITPOINT WARNING * * *
The fire bat closely misses you. The hell hound breathes flames at you.
The blast of flame hits the fire bat.
The fire bat completely resists.
The blast of flame hits you!!
You die...
Your body disappears without additional glow.

#############
#[..........#
#...........#
#...........##
#............#
#####...########@#
........#≈....Eb##
......###.≈≈≈≈○b
......# ..§≈○≈.
~.....# #.°h≈≈.
~.....# ##...≈.
......# S:#§.≈.
......# .S##..≈
......+


You could see a fire elemental, a hell hound (catching breath), 2 fire bats and
2 lava snakes.

Vanquished Creatures
  2 fire bats (D:8)
  3 sky beasts
  2 ice beasts
  An orc warrior (D:7)
  A black bear (D:7)
  2 ogres
  A phantom (D:7)
  2 centaurs
  A kobold brigand (D:7)
  3 bullfrogs
  A gnoll sergeant (D:8)
  2 scorpions
  A howler monkey (D:6)
  3 hounds
  A jelly (D:4)
  6 orc priests
  2 sleepcaps
  3 orc wizards
  11 gnolls
  3 adders
  A shadow imp (D:7)
  3 white imps
  A bombardier beetle (D:7)
  4 ufetubi (D:5)
  2 worms (D:3)
  A dart slug (D:2)
  29 orcs
  7 ball pythons
  12 endoplasms
  3 giant cockroaches
  10 goblins
  8 hobgoblins
  9 jackals
  3 quokkas
  4 bats
  5 frilled lizards
  22 kobolds
  3 rats
178 creatures vanquished.

Vanquished Creatures (collateral kills)
  Terence (D:3)
  Robin (D:2)
  A goblin (D:2)
  4 hobgoblins (D:2)
7 creatures vanquished.

Grand Total: 185 creatures vanquished

Notes
Turn   | Place    | Note
-------+----------+-------------------------------------------
     0 | D:1      | jasper the Oni Monk began the quest for the Orb.
     0 | D:1      | Reached XP level 1. HP: 24/24 MP: 1/1
   180 | D:1      | Reached XP level 2. HP: 22/32 MP: 2/2
   445 | D:1      | Found a faded altar of an unknown god.
   460 | D:1      | Prayed at the altar of an unknown god.
   460 | D:1      | Became a worshipper of Nemelex Xobeh the Trickster
   460 | D:1      | Reached * piety under Nemelex Xobeh
   460 | D:1      | Received a gift from Nemelex Xobeh
   460 | D:1      | Reached ** piety under Nemelex Xobeh
   460 | D:1      | Received a gift from Nemelex Xobeh
   579 | D:1      | Reached XP level 3. HP: 40/40 MP: 3/3
   751 | D:2      | Received a gift from Nemelex Xobeh
   751 | D:2      | Reached *** piety under Nemelex Xobeh
   978 | D:2      | Noticed Robin
  1001 | D:2      | Killed Robin
  1002 | D:2      | Reached skill level 1 in Invocations
  1009 | D:2      | Reached XP level 4. HP: 26/49 MP: 4/4
  1487 | D:3      | Noticed Terence
  1503 | D:3      | Identified the -1 quarterstaff of the Ancients {flame,
                  | rElec rF+++ Will+}
  1505 | D:3      | Killed Terence
  1506 | D:3      | Reached skill level 5 in Fighting
  1699 | D:3      | Reached XP level 5. HP: 26/57 MP: 6/6
  1904 | D:3      | Found Isolami's Antique Armour Boutique.
  1924 | D:3      | Bought a cloak for 90 gold pieces
  2420 | D:4      | Noticed an ogre
  2428 | D:4      | Killed an ogre
  2429 | D:4      | Reached skill level 5 in Maces & Flails
  2429 | D:4      | Reached XP level 6. HP: 38/66 MP: 6/8
  2599 | D:4      | Reached **** piety under Nemelex Xobeh
  2837 | D:4      | Received a gift from Nemelex Xobeh
  2838 | D:4      | Found a hide-covered altar of Uskayaw.
  3406 | D:4      | Reached XP level 7. HP: 64/75 MP: 9/9
  3780 | D:5      | Entered Level 5 of the Dungeon
  3786 | D:5      | Found a shimmering blue altar of Sif Muna.
  3827 | D:5      | Found a white marble altar of Elyvilon.
  4134 | D:5      | Found a glowing golden altar of the Shining One.
  4134 | D:5      | Received a gift from Nemelex Xobeh
  4183 | D:5      | Found an ancient bone altar of Kikubaaqudgha.
  4207 | D:5      | Found a hazy altar of Hepliaklqana.
  4648 | D:6      | Reached XP level 8. HP: 73/87 MP: 11/11
  4721 | D:6      | Reached skill level 5 in Invocations
  4770 | D:6      | Reached ***** piety under Nemelex Xobeh
  4770 | D:6      | Received a gift from Nemelex Xobeh
  5151 | D:6      | Found a sacrificial altar of Ru.
  5957 | D:7      | Found a broken altar of Ashenzari.
  6135 | D:7      | Identified the +7 falchion "Yczizuco" {pain, +Blink}
  6198 | D:7      | Reached XP level 9. HP: 89/97 MP: 13/13
  6554 | D:7      | Received a gift from Nemelex Xobeh
  6598 | D:7      | Found a staircase to the Ecumenical Temple.
  7586 | D:8      | Received a gift from Nemelex Xobeh
  7634 | D:8      | Killed from afar by a hell hound

Illustrated notes

Levels and vault maps discovered:
D:1:      mainiacjoe_arrival_reflecting_pool, layout_loops_ring,
          hellmonk_ecumenical_altar_inner_sanctum
D:2:      layout_loops_ring, minmay_misc_feat_chi, uniq_robin
D:3:      layout_rooms, serial_shops, shop, chequers_serial_rivers_large_b,
          chequers_serial_rivers_micro_d, uniq_terence
D:4:      layout_gridville, mainiacjoe_overflow_concentric_impassable,
          nicolae_ossuary_entry_ruins, minivault_27
D:5:      layout_rooms, mainiacjoe_overflow_small_starburst,
          mainiacjoe_overflow_large_starburst, led_sif_book, elyvilon_altar_1
D:6:      layout_loops_corners, mainiacjoe_overflow_boulevard
D:7:      kennysheep_kobold_camp, layout_loops_ring, mainiacjoe_overflow_paths,
          minmay_temple_entry_ruins, grunt_decor_clamped
D:8:      layout_basic, zin_academy, hangedman_incinerator

Skill      XL: |  1  2  3  4  5  6  7  8  9 |
---------------+----------------------------+-----
Maces & Flails | 4 5 7 8 9 |  9.7
Invocations    | 1 2 3 4 6 7 |  7.3
Fighting       | 5 6 7 8 9 |  9.3
Dodging        | |  2.6

Action                     |  1- 3 |  4- 6 |  7- 9 || total
---------------------------+-------+-------+-------++-------
  Melee: Mace              |    75 |    33 |       ||   108
         Headbutt          |     9 |    26 |    78 ||   113
         Flail             |       |    77 |   279 ||   356
  Throw: Boomerang         |       |       |     1 ||     1
 Invoke: Draw Summoning    |     1 |     1 |       ||     2
         Draw Destruction  |       |     3 |       ||     3
    Use: Potion            |       |     1 |       ||     1
         Scroll            |       |     5 |     8 ||    13
   Stab: Distracted        |     1 |       |       ||     1
 Armour: Robe              |    52 |    67 |   152 ||   271
  Dodge: Dodged            |    46 |    71 |   239 ||   356

Table legend: (Time is in decaauts)
 A = Elapsed time spent in this place.
 B = Non-inter-level travel time spent in this place.
 C = Inter-level travel time spent in this place.
 D = Time resting spent in this place.
 E = Time spent auto-exploring this place.
 F = Levels seen in this place.
 G = Mean time per level.
                   A        B        C        D        E       F      G
               +--------+--------+--------+--------+--------+-----+--------+
         Total |   7668 |   7459 |    209 |    608 |   5562 |   8 |  958.5 |
       Dungeon |   7668 |   7459 |    209 |    608 |   5562 |   8 |  958.5 |
               +--------+--------+--------+--------+--------+-----+--------+

Top non-repeatable levels by time:
     D:4: 1370 daAuts
     D:7: 1257 daAuts
     D:6: 1243 daAuts
     D:3: 982 daAuts
     D:5: 812 daAuts
     D:1: 762 daAuts
     D:2: 698 daAuts
     D:8: 541 daAuts
